[Event "*** SCC Grand Prix: Titled Tuesday Blitz"]
[Site "Chess.com"]
[Date "2020.07.07"]
[Round "6"]
[White "gross-aleks"]
[Black "Chesswizard_2007"]
[Result "1-0"]
[WhiteElo "2611"]
[BlackElo "2454"]
[TimeControl "180+1"]
[EndTime "11:05:57 PDT"]
[Termination "gross-aleks won on time"]

1. c4 Nf6 2. Nf3 e6 3. e3 d5 4. b3 g6 5. Bb2 Bg7 6. Be2 O-O 7.
O-O b6 8. cxd5 Nxd5 9. Bxg7 Kxg7 10. d4 Ba6 11. Bxa6 Nxa6 12. Qe2 Nab4 13. a3 Nc6 14. Rc1 Nce7 15. Nbd2 c6 16. Ne5 Rc8 17. b4 f6 18. Nd3 Qd7 19. Rc2 Rc7 20. Rac1 Rfc8 21.
e4 Nxb4 22. axb4 Qxd4 23. Nf3 Qd8 24. Nf4 Kf7 25. Qc4 Qd6 26. e5 fxe5 27. Nxe6 Nd5 28.
Nxc7 Rxc7 29. b5 cxb5 30. Qxb5 Rxc2 31. Rxc2 Ne3 32. Qb3+ Nd5 33. Rd2 Ke6 34. Ng5+ Kf5 35. Rxd5 Qxd5 36. Qxd5 Kxg5 37. Qxe5+ Kh6 38. g4 a5 39. h4 a4 40. f3 a3 41. Qf6 1-0

[Event "*** SCC Grand Prix: Titled Tuesday Blitz"]
[Site "Chess.com"]
[Date "2020.07.07"]
[Round "6"]
[White "druskacik"]
[Black "ElviraBerend"]
[Result "1-0"]
[WhiteElo "2583"]
[BlackElo "2426"]
[TimeControl "180+1"]
[EndTime "11:05:57 PDT"]
[Termination "druskacik won by checkmate"]

1. e4 e5 2. Nf3 Nc6 3. Nc3 Nf6 4. d4 exd4 5. Nxd4 Bc5 6. Nxc6 dxc6 7. Bd3 Ng4 8. Be3 Nxe3 9. fxe3 Bxe3 10. Qf3 Bd4 11.
O-O-O Qg5+ 12. Kb1 Bg4 13. Qg3 Be5 14. Qf2 Bxd1 15.
Nxd1 O-O 16. Rf1 b5 17. Qc5 g6 18. h4 Qh5 19. g4 Qxh4 20. Qxe5 Qxg4 21. Ne3 Qh3 22.
Nf5 f6 23. Qxc7 Rf7 24. Qxc6 Rd8 25. Rg1 Qh2 26. Qc5 Rfd7 27. a3 Rc7 28. Qe3 Rxd3 29.
cxd3 Qc2+ 30. Ka1 Rd7 31. Nh6+ Kg7 32. Ng4 Qxd3 33. Qh6+ Kh8 34. Qf8# 1-0

[Event "*** SCC Grand Prix: Titled Tuesday Blitz"]
[Site "Chess.com"]
[Date "2020.07.07"]
[Round "6"]
[White "awesomevishesh"]
[Black "Chess_Boxer123"]
[Result "0-1"]
[WhiteElo "2367"]
[BlackElo "2648"]
[TimeControl "180+1"]
[EndTime "11:05:57 PDT"]
[Termination "Chess_Boxer123 won on time"]

1. d4 d5 2. c4 c6 3. Nf3 Nf6 4. e3 e6 5. b3 Ne4 6. Bd3 Bb4+ 7.
Nbd2 f5 8. Bb2 Nd7 9. a3 Bd6 10.
O-O Qf6 11. Ne1 Qh6 12. Ndf3 Ndf6 13. Ne5 Ng4 14. h3 Nxe5 15. dxe5 Bc5 16. Qe2 O-O 17. b4 Bb6 18. Nc2 Bd7 19. Nd4 Rad8 20. Rfd1 a6 21.
f3 Ng3 22. Qf2 f4 23. exf4 Qxf4 24. c5 Bc7 25. Ne2 Nxe2+ 26. Qxe2 d4 27. Re1 Be8 28. Rad1 Bh5 29. Bb1 Qg3 30. Qe4 g6 0-1

[Event "*** SCC Grand Prix: Titled Tuesday Blitz"]
[Site "Chess.com"]
[Date "2020.07.07"]
[Round "6"]
[White "Ural_bogatyr"]
[Black "DivyaDeshmukh23"]
[Result "1-0"]
[WhiteElo "2354"]
[BlackElo "2490"]
[TimeControl "180+1"]
[EndTime "11:06:00 PDT"]
[Termination "Ural_bogatyr won on time"]

1. e4 c5 2. Nf3 d6 3. d4 cxd4 4. Qxd4 Nf6 5. Nc3 a6 6. Be3 Nc6 7. Qd2 e5 8. O-O-O Be7 9. Bg5 Be6 10. Kb1 Rc8 11. h3 b5 12. Bxf6 gxf6 13. g4 h5 14. Rg1 Qd7 15. g5 fxg5 16. Nxg5 Nd4 17.
Qe3 b4 18. Nxe6 bxc3 19. Nxd4 exd4 20. Qxd4 f6 21. Bxa6 Rc7 22. Qd5 Kf8 23. Bc4 1-0

[Event "*** SCC Grand Prix: Titled Tuesday Blitz"]
[Site "Chess.com"]
[Date "2020.07.07"]
[Round "6"]
[White "Maaikee"]
[Black "FedaMaster"]
[Result "0-1"]
[WhiteElo "2284"]
[BlackElo "2436"]
[TimeControl "180+1"]
[EndTime "11:06:00 PDT"]
[Termination "FedaMaster won by checkmate"]

1. e4 d5 2. exd5 Qxd5 3. Nc3 Qd6 4. d4 Nf6 5. h3 a6 6. Nf3 b5 7. Bd3 Bb7 8. O-O e6 9. Re1 Be7 10. a4 b4 11. Ne4 Qd8 12. Bf4 Nbd7 13. Qe2 O-O 14. Neg5 Bd5 15. c4 bxc3 16. bxc3 h6 17. Ne4 c5 18. Nxf6+ Nxf6 19. Rad1 Qc8 20. Ne5 cxd4 21.
cxd4 Qb7 22. f3 Qa7 23. Qf2 Rfd8 24. Kh1 Rac8 25. Qg3 Nh5 26. Qg4 Nxf4 27. Qxf4 Bd6 28. Qg4 Qe7 29. f4 Qf6 30. f5 Rc3 31. Rf1 Qg5 32.
Qe2 Qh4 33. fxe6 fxe6 34. Bg6 Rxh3+ 35. Kg1 Rh1# 0-1

[Event "*** SCC Grand Prix: Titled Tuesday Blitz"]
[Site "Chess.com"]
[Date "2020.07.07"]
[Round "6"]
[White "Andrii_Prydun"]
[Black "IngOscarArdila"]
[Result "1-0"]
[WhiteElo "2401"]
[BlackElo "2180"]
[TimeControl "180+1"]
[EndTime "11:06:00 PDT"]
[Termination "Andrii_Prydun won by resignation"]

1. d4 Nf6 2. Nc3 g6 3. Bf4 Bg7 4. e3 d6 5. h4 h5 6. Bc4 Nbd7 7. Nf3 e6 8. Ng5 Qe7 9. Qe2 Nb6 10. Bb3 a5 11. a3 Bd7 12. O-O-O O-O 13. e4 e5 14.
dxe5 dxe5 15. Be3 Bc6 16. f3 Rad8 17. Qf2 Rxd1+ 18. Rxd1 Rd8 19. Bxb6 cxb6 20. Qxb6 Rxd1+ 21. Nxd1 Nh7 22. Nxf7 Kf8 23. Nd8 Bh6+ 24. Kb1 Qd6 25. Nc3 Bd2 26. Nxc6 bxc6 27. Nd5 Nf6 28. Nxf6 Qxf6 29.
Bd5 Qxh4 30. Qb8+ Kg7 31. Qxe5+ Kh7 32. Qc7+ Kh6 33. Qxc6 Qh1+ 34. Ka2 Qxg2 35. e5 h4 36. e6 Bg5 37. Be4 Bf6 38. e7 1-0

[Event "*** SCC Grand Prix: Titled Tuesday Blitz"]
[Site "Chess.com"]
[Date "2020.07.07"]
[Round "6"]
[White "AlanTate"]
[Black "ExtremeLearner"]
[Result "0-1"]
[WhiteElo "2153"]
[BlackElo "2332"]
[TimeControl "180+1"]
[EndTime "11:06:00 PDT"]
[Termination "ExtremeLearner won on time"]

1. d4 Nf6 2. c4 c5 3. d5 b5 4.
cxb5 a6 5. bxa6 g6 6. Nc3 Bg7 7. e4 O-O 8. e5 Ne8 9. h4 h5 10.
g4 hxg4 11. h5 gxh5 12. Rxh5 d6 13. Bd3 f5 14. e6 Nf6 15. Rxf5 Bxa6 16. Nge2 Qa5 17.
Bg5 Qb4 18. Bxa6 Nxa6 19. Qd2 Rab8 20. Rb1 g3 21. Nxg3 Qg4 22. Qf4 Qxf4 23. Rxf4 Nb4 24.
Rd1 Rfc8 25. Ke2 c4 26. Nf5 Rc7 27. Nxe7+ Rxe7 28. Bxf6 Bxf6 29. Rxf6 Rg7 30. Rf3 Na6 31. Rd2 Nc5 32. Rf4 Nd3 33. Rxc4 Ne5 34. Re4 Rf8 35.
f4 Rg2+ 36. Kd1 Rg1+ 0-1

[Event "*** SCC Grand Prix: Titled Tuesday Blitz"]
[Site "Chess.com"]
[Date "2020.07.07"]
[Round "6"]
[White "tk22h"]
[Black "Gahan-MG"]
[Result "0-1"]
[WhiteElo "2285"]
[BlackElo "2498"]
[TimeControl "180+1"]
[EndTime "11:06:01 PDT"]
[Termination "Gahan-MG won by resignation"]

1. c4 Nf6 2. Nc3 d5 3. cxd5 Nxd5 4. Nf3 g6 5. g3 Bg7 6. Bg2 O-O 7. O-O Nb6 8. d4 Nc6 9. d5 Na5 10. e4 c6 11. Bf4 cxd5 12. Nxd5 Nxd5 13. exd5 Bxb2 14. Rb1 Bg7 15. Re1 Bf5 16. Rb5 b6 17. Nd4 Bd7 18. Nc6 Bxc6 19. dxc6 Qxd1 20. Rxd1 Rac8 21. c7 e5 22. Bxe5 Bxe5 23. Rxe5 Rxc7 24. h4 h5 25. Bd5 Kg7 26. Rd3 Rd8 27. Be4 Rxd3 28. Bxd3 Rd7 29. Be2 Rd2 30. a4 Kf6 31. Re3 Ra2 32. Bb5 a6 33.
Be8 Nc4 34. Rf3+ Ke7 35. Bxf7 Ra1+ 36. Kg2 Ne5 37. Re3 Kxf7 38. Rxe5 Rxa4 39. Rd5 Rb4 40. Rd6 a5 41. f4 a4 42. Rd7+ Ke6 43. Ra7 b5 44.
Kf3 Rb3+ 45. Ke4 Rxg3 46. Ra6+ Kf7 47. f5 Rg4+ 48. Ke5 gxf5 49. Kxf5 Rxh4 50. Ra7+ Ke8 51. Ke6 Re4+ 52. Kd5 Rb4 53. Ke6 Kd8 54. Kd6 Ke8 55.
Ke6 Kf8 56. Kf6 Rf4+ 57. Kg5 Rf3 58. Kxh5 a3 59. Kg4 Rb3 60. Kf5 b4 61. Kf6 Rf3+ 62.
Ke5 Rf2 63. Kd4 Rc2 64. Ra4 a2 65. Kd3 b3 0-1

[Event "*** SCC Grand Prix: Titled Tuesday Blitz"]
[Site "Chess.com"]
[Date "2020.07.07"]
[Round "6"]
[White "Gandrade2"]
[Black "Tactictic"]
[Result "0-1"]
[WhiteElo "2120"]
[BlackElo "2293"]
[TimeControl "180+1"]
[EndTime "11:06:01 PDT"]
[Termination "Tactictic won by resignation"]

1. d4 Nf6 2. c4 e6 3. Nc3 Bb4 4. f3 d5 5. a3 Bxc3+ 6. bxc3 O-O 7. e3 c5 8. Bd3 Nc6 9. Ne2 cxd4 10. cxd4 e5 11. cxd5 Nxd5 12. e4 Nf6 13. d5 Na5 14. O-O Qb6+ 15. Kh1 Bd7 16. Bg5 Ne8 17. Rb1 Qc5 18.
a4 Nc7 19. Rc1 Qd6 20. Qd2 Nb3 21. Qa2 Nxc1 22. Bxc1 Na6 23. Ba3 Nb4 24. Qb3 a5 25.
Rd1 Rfc8 26. Nc3 Qc5 27. Nb5 Bxb5 28. Bxb5 Qc2 29. Qb1 Rc3 30. Bxb4 axb4 31. h3 Rac8 32. Rf1 Qxb1 33. Rxb1 Rc1+ 34. Rxc1 Rxc1+ 35. Kh2 b3 36. a5 b2 37. Bd7 b1=Q 0-1

[Event "*** SCC Grand Prix: Titled Tuesday Blitz"]
[Site "Chess.com"]
[Date "2020.07.07"]
[Round "6"]
[White "ketster"]
[Black "Hippotaner"]
[Result "0-1"]
[WhiteElo "2426"]
[BlackElo "2317"]
[TimeControl "180+1"]
[EndTime "11:06:02 PDT"]
[Termination "Hippotaner won on time"]

1. d4 Nf6 2. c4 e6 3. g3 Bb4+ 4. Bd2 a5 5. Bg2 O-O 6. Nf3 Nc6 7. O-O Bxd2 8. Nbxd2 d6 9. e4 e5 10. d5 Ne7 11. Qc2 Nd7 12. Ne1 Nc5 13. Nd3 b6 14. b3 Nxd3 15. Qxd3 f5 16. a3 f4 17. b4 Bd7 18. Qc3 Qc8 19. f3 Bh3 20. c5 Bxg2 21. Kxg2 bxc5 22. bxc5 Qd8 23. Nc4 Ng6 24. g4 a4 25.
cxd6 cxd6 26. Qb4 Qh4 27. Nxd6 Rab8 28. Qe1 Rb2+ 29. Rf2 Rfb8 30. Rc1 h5 31. gxh5 Qxh5 32. Nf5 Nh4+ 33. Nxh4 Qxh4 34. Rcc2 Rxc2 0-1

[Event "*** SCC Grand Prix: Titled Tuesday Blitz"]
[Site "Chess.com"]
[Date "2020.07.07"]
[Round "6"]
[White "pfalcon1949"]
[Black "Klavdia_Nik"]
[Result "1-0"]
[WhiteElo "1940"]
[BlackElo "2056"]
[TimeControl "180+1"]
[EndTime "11:06:02 PDT"]
[Termination "pfalcon1949 won on time"]

1. d4 Nf6 2. c4 c5 3. d5 b5 4. cxb5 a6 5. bxa6 Bxa6 6. Nc3 d6 7. e4 Bxf1 8. Kxf1 g6 9. g3 Bg7 10. Nf3 O-O 11. Kg2 Qa5 12. a4 Nbd7 13. Qc2 Ng4 14.
Nd2 Qb4 15. Ra3 Rfb8 16. Rb3 Qa5 17. Rxb8+ Rxb8 18. h3 Ngf6 19. Nb5 Nb6 20. b3 Nfd7 21. Bb2 f6 22. h4 Ne5 23. h5 Kf7 24. hxg6+ hxg6 25. Bxe5 dxe5 26. Nc4 Qb4 27. Nxb6 Rxb6 28. Rc1 Bh6 29.
Rb1 Rb8 30. d6 e6 31. Rd1 Bf8 32. Qc4 Qxc4 33. bxc4 Ke8 34. a5 Kd7 35. a6 Ra8 36. a7 Kc6 37. Ra1 Bxd6 38. Ra6+ 1-0

[Event "*** SCC Grand Prix: Titled Tuesday Blitz"]
[Site "Chess.com"]
[Date "2020.07.07"]
[Round "6"]
[White "theblitzchamp"]
[Black "AttilaTurzo"]
[Result "1-0"]
[WhiteElo "2734"]
[BlackElo "2505"]
[TimeControl "180+1"]
[EndTime "11:06:04 PDT"]
[Termination "theblitzchamp won by resignation"]

1. d4 Nf6 2. Bf4 c5 3. d5 Qb6 4. Nc3 Qxb2 5. Bd2 Qb6 6. e4 d6 7. f4 e5 8. fxe5 dxe5 9. Nf3 Bd6 10. Bc4 Bg4 11. O-O Nbd7 12. a4 a6 13. Kh1 O-O 14. Qe1 Bh5 15. Qh4 Bg6 16. a5 Qd8 17. Bg5 Bc7 18.
d6 Bxd6 19. Rfd1 Qc7 20. Rd2 Qc6 21. Rad1 Bc7 22. Nd5 Nxd5 23. Bxd5 Qb5 24. c4 Qb3 25. Be7 Rfb8 26. Ng5 h6 27. Nxf7 Bxf7 28. Bxf7+ Kxf7 29. Rxd7 Kg8 30. Bf6 Qxd1+ 31. Rxd1 Rf8 32. Bxg7 Kxg7 33. Rd7+ Rf7 34. Qg4+ Kf8 35. Rxf7+ Kxf7 36. Qd7+ Kf6 37. Qxc7 Ke6 38. h3 Rf8 39. Qxb7 1-0

[Event "*** SCC Grand Prix: Titled Tuesday Blitz"]
[Site "Chess.com"]
[Date "2020.07.07"]
[Round "6"]
[White "shineatchess"]
[Black "OnePeculiarConundrum"]
[Result "1-0"]
[WhiteElo "2173"]
[BlackElo "2341"]
[TimeControl "180+1"]
[EndTime "11:06:05 PDT"]
[Termination "shineatchess won by resignation"]

1. Nf3 c5 2. e4 d6 3. Bb5+ Bd7 4. Bxd7+ Qxd7 5. c4 Nf6 6. Nc3 g6 7. d4 cxd4 8. Nxd4 Bg7 9. f3 O-O 10. Be3 Nc6 11.
Rc1 a6 12. O-O Rab8 13. a4 Qd8 14. Qd2 Nd7 15. Rcd1 Nc5 16. Qc2 Qb6 17. Nd5 Qd8 18. b4 Nxd4 19. Bxd4 Bxd4+ 20. Rxd4 Ne6 21. Rd2 Nc7 22. Nb6 Ne6 23. a5 Qc7 24. f4 Rbe8 25.
f5 Nd8 26. f6 e6 27. Rd3 Nc6 28. Qd2 Kh8 29. Qh6 Rg8 30. Qxh7+ 1-0

[Event "*** SCC Grand Prix: Titled Tuesday Blitz"]
[Site "Chess.com"]
[Date "2020.07.07"]
[Round "6"]
[White "rasmussvane"]
[Black "seorobert1971"]
[Result "1-0"]
[WhiteElo "2876"]
[BlackElo "2698"]
[TimeControl "180+1"]
[EndTime "11:06:06 PDT"]
[Termination "rasmussvane won by resignation"]

1. Nf3 Nf6 2. g3 g6 3. Bg2 Bg7 4. O-O O-O 5. d4 d5 6. c4 c6 7. Qb3 e6 8. Nc3 b6 9. Bf4 Ba6 10. cxd5 cxd5 11. Nb5 Bxb5 12. Qxb5 Qd7 13. Qxd7 Nbxd7 14. Rfc1 Rac8 15. Bf1 Rfe8 16. e3 a5 17. Ba6 Ra8 18.
Bb5 Ra7 19. Ne5 Rea8 20. Nc6 Rb7 21. Ne7+ Kf8 22. Bc6 Kxe7 23. Bxb7 Ra7 24. Bc6 Nh5 25. Rc2 h6 26. Bxd7 Kxd7 27. Rac1 Nxf4 28. gxf4 Bf6 29. Kf1 Bd8 30. Ke2 b5 31. h3 Rc7 32. Rxc7+ Bxc7 33. Rc5 b4 34. Kd3 Bb6 35. Rc1 a4 36. f3 h5 37. e4 Ba7 38. Re1 Kd6 39. exd5 exd5 40. f5 gxf5 41. Re5 1-0

[Event "*** SCC Grand Prix: Titled Tuesday Blitz"]
[Site "Chess.com"]
[Date "2020.07.07"]
[Round "6"]
[White "ValentinDragnev"]
[Black "Carnivoras"]
[Result "1-0"]
[WhiteElo "2760"]
[BlackElo "2599"]
[TimeControl "180+1"]
[EndTime "11:06:06 PDT"]
[Termination "ValentinDragnev won by resignation"]

1. d4 d5 2. c4 c6 3. Nf3 e6 4. g3 dxc4 5. Bg2 b5 6. O-O Bb7 7. a4 a6 8. b3 cxb3 9. Qxb3 Nf6 10.
Nc3 Be7 11. Ne5 Qxd4 12. Bf4 b4 13. Na2 Nd5 14. Rfd1 Qa7 15. Bc1 a5 16. e4 Nc7 17. Be3 c5 18. Nc1 O-O 19. Ncd3 f6 20.
Nc4 Nc6 21. Rac1 Rfd8 22. Nf4 Kh8 23. h4 e5 24. Nd5 Nxd5 25. exd5 Nd4 26. Bxd4 cxd4 27.
h5 h6 28. Nd2 Rac8 29. Rxc8 Rxc8 30. Qd3 Qc5 31. Qg6 Bxd5 32. Ne4 Qc2 33. Re1 b3 34. Bh3 b2 35. Bf5 Bg8 36. Nd6 Qc1 37. Nf7+ 1-0

[Event "*** SCC Grand Prix: Titled Tuesday Blitz"]
[Site "Chess.com"]
[Date "2020.07.07"]
[Round "6"]
[White "Bacyanide"]
[Black "PowerThinking2650"]
[Result "1-0"]
[WhiteElo "2447"]
[BlackElo "2314"]
[TimeControl "180+1"]
[EndTime "11:06:06 PDT"]
[Termination "Bacyanide won by resignation"]

1. d4 Nf6 2. Nf3 g6 3. c4 Bg7 4. Nc3 O-O 5. e4 d6 6. Be2 e5 7.
O-O Nc6 8. d5 Ne7 9. Ne1 Nd7 10.
Bd2 f5 11. Nd3 Nf6 12. f3 f4 13. c5 g5 14. Rc1 Ng6 15. Nb5 a6 16. cxd6 axb5 17. dxc7 Qe8 18. d6 g4 19. fxg4 Nxe4 20. Bb4 Bd7 21. Bf3 Ng5 22. Bxb7 e4 23. Bxa8 Qxa8 24. Nc5 Bc6 25. d7 e3 26. d8=Q Bxg2 27. Qxa8 Bxa8 28. h4 Nxh4 29. Nd7 f3 30. Bxf8 f2+ 31.
Rxf2 Nh3+ 32. Kh2 Nxf2 33. c8=Q Nf3+ 34. Qxf3 1-0

[Event "*** SCC Grand Prix: Titled Tuesday Blitz"]
[Site "Chess.com"]
[Date "2020.07.07"]
[Round "6"]
[White "Legendinunknown"]
[Black "random_mango"]
[Result "0-1"]
[WhiteElo "2556"]
[BlackElo "2399"]
[TimeControl "180+1"]
[EndTime "11:06:07 PDT"]
[Termination "random_mango won by resignation"]

1. e4 e5 2. Nf3 Nc6 3. Bb5 a6 4.
Ba4 Nf6 5. d3 b5 6. Bb3 Be7 7.
O-O d6 8. Nc3 O-O 9. a4 Rb8 10.
axb5 axb5 11. Nd5 Be6 12. Bd2 Qd7 13. Ra6 Rfe8 14. Qe2 Bxd5 15. exd5 Nd4 16. Nxd4 exd4 17. Qf3 Qg4 18. Qxg4 Nxg4 19. h3 Ne5 20. f4 Nd7 21.
Bb4 Nc5 22. Rc6 Rb7 23. Ra1 Bf8 24. Kf2 g6 25. g3 Kg7 26. Re1 Rxe1 27. Kxe1 Nxb3 28.
cxb3 Ra7 29. Kd2 f5 30. Kc2 Kf6 31. Bd2 Ke7 32. b4 Kd7 33. Kb1 Ra8 34. Rc1 Re8 35. Re1 Rxe1+ 36. Bxe1 c6 37. Bf2 Bg7 38. dxc6+ Kxc6 39. Kc2 Kd5 40. Kd1 h6 41. Ke2 Bf8 42. Kf3 Be7 43. g4 Bf6 44. h4 fxg4+ 45. Kxg4 h5+ 46. Kf3 Ke6 47. Ke4 d5+ 48. Kf3 Kf5 49. Bg3 Be7 50.
Be1 Bd6 51. Bf2 Bxf4 52. Bxd4 Be5 53. Bf2 Bxb2 54. Be1 Bf6 55. Ke3 Kg4 56. Bd2 Bxh4 57. Kd4 Bg5 58. Be1 h4 59. Bxh4 Bxh4 60. Kxd5 Kf4 61.
Kc6 Be7 62. Kxb5 Ke3 63. Kc4 Bxb4 64. d4 g5 65. d5 Bd6 66. Kb5 g4 67. Kc6 Bf4 68.
d6 Bxd6 69. Kxd6 g3 70. Ke5 g2 0-1

[Event "*** SCC Grand Prix: Titled Tuesday Blitz"]
[Site "Chess.com"]
[Date "2020.07.07"]
[Round "6"]
[White "DortmundCity"]
[Black "OK97"]
[Result "0-1"]
[WhiteElo "2608"]
[BlackElo "2765"]
[TimeControl "180+1"]
[EndTime "11:06:08 PDT"]
[Termination "OK97 won on time"]

1. e4 g6 2. d4 Bg7 3. Nc3 d6 4. f4 Nf6 5. Nf3 O-O 6. Be3 b6 7. e5 Ng4 8. Bg1 c5 9. dxc5 bxc5 10. Qd5 Qb6 11. Qb3 Nc6 12. O-O-O dxe5 13. fxe5 Ngxe5 14. Nd5 Qxb3 15. axb3 Bg4 16. Be2 Bxf3 17. gxf3 e6 18.
Nc7 Rac8 19. Na6 Nd4 20. Bxd4 cxd4 21. Kb1 Rfd8 22. Nb4 a5 23. Nd3 Nc6 24. f4 Bh6 25. Rhf1 Rc7 26. c3 dxc3 27. bxc3 Rb8 28. Ka2 Ne7 29. c4 a4 30. bxa4 Rxc4 31. Nb2 Rc2 0-1

[Event "*** SCC Grand Prix: Titled Tuesday Blitz"]
[Site "Chess.com"]
[Date "2020.07.07"]
[Round "6"]
[White "VincentKeymer"]
[Black "vladislavkovalev"]
[Result "1-0"]
[WhiteElo "2894"]
[BlackElo "2933"]
[TimeControl "180+1"]
[EndTime "11:06:09 PDT"]
[Termination "VincentKeymer won on time"]

1. d4 Nf6 2. c4 e6 3. Nf3 d5 4. Nc3 Be7 5. Bf4 O-O 6. e3 Nbd7 7. c5 Ne4 8. h4 b6 9. c6 Ndf6 10. Bd3 a5 11. Qe2 Nxc3 12. bxc3 Ne4 13. Qc2 f5 14. c4 Ba6 15. Ne5 Bxh4 16. g3 Bf6 17. g4 Bxe5 18.
Bxe5 Bxc4 19. Bxc4 dxc4 20. gxf5 Qd5 21. Rg1 g6 22. f3 exf5 23. fxe4 fxe4 24. Qh2 Qxc6 25. O-O-O Rf5 26. Rh1 Rf7 27. Rdg1 Raf8 28. Qh6 Rd7 29. Rh2 Rf5 30. Rhg2 1-0

[Event "*** SCC Grand Prix: Titled Tuesday Blitz"]
[Site "Chess.com"]
[Date "2020.07.07"]
[Round "6"]
[White "Konavets"]
[Black "Elshan1985"]
[Result "1/2-1/2"]
[WhiteElo "2959"]
[BlackElo "2844"]
[TimeControl "180+1"]
[EndTime "11:06:11 PDT"]
[Termination "Game drawn by agreement"]

1. c4 Nf6 2. Nc3 e6 3. Nf3 d5 4. e3 Nbd7 5. Qc2 a6 6. b3 b6 7. Bb2 Bb7 8. Be2 Bd6 9. O-O O-O 10. Rac1 Ne4 11. d3 Nxc3 12. Qxc3 Qf6 13. Qxf6 Nxf6 14. cxd5 Nxd5 15. a3 c5 16. Nd2 Rfd8 17. Rc2 Rab8 18. Rfc1 Be7 19. Bf3 Nf6 20. Be2 Nd5 21. Ne4 f5 22.
Nd2 Bf6 23. Nc4 Bxb2 24. Rxb2 Ba8 25. Rbc2 Ne7 26. Ne5 a5 27. h4 Ng6 28. Nxg6 hxg6 29.
b4 cxb4 30. axb4 a4 31. d4 Bd5 32. Bb5 a3 33. Bc4 Ra8 34. Bxd5 Rxd5 35. Ra2 e5 36. dxe5 Rxe5 37. Rc3 Re4 38. g3 Rxb4 39. Rcxa3 Rxa3 40. Rxa3 Kf7 41. Kg2 Kf6 42. Ra7 Rb2 43. Rb7 b5 44. Rb6+ Kf7 45. g4 b4 46. h5 gxh5 47.
gxf5 b3 48. e4 h4 49. e5 Re2 50. Rb7+ Kf8 51. e6 b2 52. Kh3 Rxf2 53. Kxh4 Rxf5 54. Rxb2 Ke7 55. Rb7+ Kxe6 56. Rxg7 1/2-1/2

[Event "*** SCC Grand Prix: Titled Tuesday Blitz"]
[Site "Chess.com"]
[Date "2020.07.07"]
[Round "6"]
[White "Artem_Sadovsky"]
[Black "SHIVACalypso"]
[Result "1-0"]
[WhiteElo "2533"]
[BlackElo "2347"]
[TimeControl "180+1"]
[EndTime "11:06:11 PDT"]
[Termination "Artem_Sadovsky won by resignation"]

1. Nf3 Nf6 2. g3 e6 3. Bg2 d5 4.
O-O Be7 5. c3 O-O 6. d3 c5 7.
Qc2 Nc6 8. e4 Qc7 9. Nbd2 b5 10.
exd5 exd5 11. Nb3 a5 12. Bf4 Qb6 13. Ne5 a4 14. Nxc6 Qxc6 15. Nd2 Be6 16. Rfe1 Rac8 17.
Nf3 Bd6 18. Ne5 Qc7 19. c4 dxc4 20. dxc4 bxc4 21. Qxa4 Rfe8 22. Rad1 Rcd8 23. Rxd6 Qxd6 24. Nxf7 Qd7 25. Qxd7 Rxd7 26. Nd6 Ree7 27. Nc8 Re8 28. Nd6 Ree7 29. Bc6 Rd8 30. Nb7 Rc8 31. Bd6 Rf7 32. Rxe6 Rxc6 33. Nd8 Ne4 34. Re8+ 1-0

[Event "*** SCC Grand Prix: Titled Tuesday Blitz"]
[Site "Chess.com"]
[Date "2020.07.07"]
[Round "6"]
[White "MasterKroket"]
[Black "PetrolulSah"]
[Result "1-0"]
[WhiteElo "2397"]
[BlackElo "2173"]
[TimeControl "180+1"]
[EndTime "11:06:11 PDT"]
[Termination "MasterKroket won on time"]

1. d4 Nf6 2. c4 c6 3. Nf3 d5 4. Nc3 dxc4 5. a4 Bf5 6. e3 e6 7. Bxc4 Bb4 8. O-O O-O 9. h3 Nbd7 10.
Qe2 Bg6 11. Rd1 a5 12. Ne5 Bh5 13. g4 Bg6 14. Nxg6 hxg6 15. f4 Nd5 16. Bd2 Qh4 17. Kg2 N7f6 18. e4 Bxc3 19. bxc3 Nb6 20. Bd3 c5 21. g5 Nh5 22. Qg4 Qxg4+ 23. hxg4 cxd4 24. c4 Rac8 25. Rdc1 Nd7 26. gxh5 Nc5 27. Ra3 gxh5 28. Bxa5 Rc6 29. Bb4 Rfc8 30. Bxc5 Rxc5 31. Rb3 Ra8 32. Rb4 g6 33. e5 b6 34. Kf3 Kg7 35. Ke4 Rca5 36.
Bc2 Rc8 37. Bb3 Ra6 38. Rd1 h4 39.
Rxd4 h3 40. Rd2 Rh8 41. Rh2 Rh4 42. Kf3 Ra8 43. Kg3 Rhh8 44. Rxh3 Rhd8 45. Kg4 Rd4 46.
Rxb6 Rad8 47. a5 Re4 48. a6 Rdd4 49. Rf3 Re1 50. a7 Ra1 51. Rb7 Rd2 52. c5 Rg1+ 53. Rg3 Ra1 54. c6 Rd8 55. c7 1-0

[Event "*** SCC Grand Prix: Titled Tuesday Blitz"]
[Site "Chess.com"]
[Date "2020.07.07"]
[Round "6"]
[White "Joseacorrea"]
[Black "Stronger1799"]
[Result "0-1"]
[WhiteElo "1921"]
[BlackElo "2484"]
[TimeControl "180+1"]
[EndTime "11:06:11 PDT"]
[Termination "Stronger1799 won by resignation"]

1. c4 Nf6 2. Nc3 d5 3. cxd5 Nxd5 4. Nf3 g6 5. g3 Bg7 6. Bg2 O-O 7. O-O Nb6 8. d3 Nc6 9. Be3 e5 10. Rc1 Nd4 11.
Re1 c6 12. Na4 Re8 13. Nc5 Qe7 14. Bxd4 exd4 15. Nb3 Rd8 16. Qc2 Be6 17. Nc5 Bd5 18. b4 a5 19. a3 axb4 20. axb4 Ra2 21. Qd1 Re8 22. Rc2 Ra3 23. Rb2 Rea8 24. e4 dxe3 25.
Rxe3 Ra1 26. Rb1 Qf6 27. Ne5 Rxb1 28. Qxb1 Qd6 29. Bxd5 Bxe5 30. Rxe5 Qxe5 31. Bg2 Ra1 0-1

[Event "*** SCC Grand Prix: Titled Tuesday Blitz"]
[Site "Chess.com"]
[Date "2020.07.07"]
[Round "6"]
[White "EvgenyT"]
[Black "Semen_Khanin"]
[Result "1-0"]
[WhiteElo "2882"]
[BlackElo "2709"]
[TimeControl "180+1"]
[EndTime "11:06:12 PDT"]
[Termination "EvgenyT won by resignation"]

1. d4 Nf6 2. Nf3 g6 3. Bg5 Bg7 4. Nbd2 O-O 5. c3 h6 6. Bh4 d6 7.
e4 c5 8. d5 g5 9. Bg3 Nh5 10.
Nxg5 Nxg3 11. hxg3 hxg5 12. Qh5 f6 13. O-O-O Qe8 14. Qh7+ Kf7 15. Be2 g4 16. e5 dxe5 17.
Bd3 f5 18. Bxf5 Bxf5 19. Qxf5+ Kg8 20. Qh7+ Kf7 21. Ne4 Rh8 22. Ng5+ Kf6 23. Ne4+ Kf7 24. Qf5+ Kg8 25. Rxh8+ Bxh8 26. Rh1 Bg7 27. Ng5 e6 28. Qh7+ Kf8 29. Nxe6+ Ke7 30. Qxg7+ Qf7 31. Qxe5 Nd7 32.
d6+ Ke8 33. Rh8+ 1-0

[Event "*** SCC Grand Prix: Titled Tuesday Blitz"]
[Site "Chess.com"]
[Date "2020.07.07"]
[Round "6"]
[White "Trickov"]
[Black "AquivaRubinstein"]
[Result "0-1"]
[WhiteElo "2325"]
[BlackElo "2468"]
[TimeControl "180+1"]
[EndTime "11:06:12 PDT"]
[Termination "AquivaRubinstein won by resignation"]

1. d4 Nf6 2. Nf3 e6 3. g3 d5 4. Bg2 Be7 5. c4 O-O 6. O-O dxc4 7. Na3 Bxa3 8. bxa3 Nbd7 9. a4 a5 10. Ba3 Re8 11.
Qc2 Nb6 12. Rfd1 Bd7 13. Rd2 Bxa4 14. Qc1 Ne4 15. Rb2 c3 16. Rc2 Bxc2 17. Qxc2 Nd6 18.
e3 Nb5 19. Bc5 Nd5 20. a4 Nb4 21. Qb3 Nd6 22. Bxb4 axb4 23. Qxb4 c6 24. Qxc3 Qa5 25. Qa3 Nc4 26. Qc1 b5 27. Bf1 Qb4 28. Bxc4 bxc4 29. Ne5 c3 30. Nxc6 Qb2 31. a5 h5 32. a6 Rxa6 0-1

[Event "*** SCC Grand Prix: Titled Tuesday Blitz"]
[Site "Chess.com"]
[Date "2020.07.07"]
[Round "6"]
[White "Harry_Rakkel"]
[Black "Xeniya2005"]
[Result "1-0"]
[WhiteElo "2556"]
[BlackElo "2360"]
[TimeControl "180+1"]
[EndTime "11:06:14 PDT"]
[Termination "Harry_Rakkel won by checkmate"]

1. d4 Nf6 2. c4 b6 3. Nc3 Bb7 4. d5 e6 5. e4 exd5 6. exd5 Bc5 7. Qe2+ Be7 8. Bf4 O-O 9. O-O-O Re8 10. Qc2 Na6 11. Nf3 h6 12. Nd4 Bc5 13. Nf5 Nb4 14. Qd2 Ne4 15. Nxe4 Rxe4 16. f3 Re8 17. a3 Na6 18.
Bd3 Qf6 19. g4 g5 20. Bg3 d6 21. Rde1 c6 22. h4 Rxe1+ 23. Rxe1 cxd5 24. hxg5 hxg5 25. cxd5 Bxa3 26. Ne7+ Kf8 27. bxa3 Re8 28. Nc6 Qa1+ 29. Bb1 Qxa3+ 30. Qb2 Qc5+ 31. Bc2 Rxe1+ 32. Bxe1 Qxd5 33. Qh8# 1-0